EL
BIRMINGHAM BARONS @ ERIE SEAWOLVES
06/28/2045
 
TOP OF THE 1ST
Birmingham Barons batting - Pitching for Erie SeaWolves : LHP Travis Sergo
Pitching: LHP Travis Sergo
Batting: RHB Hector Padilla 0-0: Ball
1-0: SINGLE (Flyball, 89M, EV 99.4 MPH)
Batting: RHB Micah Brown 0-0: Grounds into double play, 3-6-3 (Groundball, 3S, EV 83.1 MPH)
Batting: LHB Angel Tellez 0-0: Called Strike
0-1: SINGLE (Line Drive, 4D, EV 94.4 MPH)
Batting: RHB Paul Lloyd 0-0: Ball
1-0: Ball
2-0: Fly out, F9 (Flyball, 9LM, EV 87.5 MPH)
Top of the 1st over - 0 runs, 2 hits, 0 errors, 1 left on base; Birmingham 0 - Erie 0
BOTTOM OF THE 1ST
Erie SeaWolves batting - Pitching for Birmingham Barons : LHP Justin Miller
Pitching: LHP Justin Miller
Batting: RHB Tanner Purchase 0-0: Ground out 4-3 (Groundball, 4M, EV 88.1 MPH)
Batting: RHB Aaron Cusick 0-0: SINGLE (Groundball, 56S, EV 94.4 MPH)
Batting: SHB Adam Weber 0-0: Ball
1-0: Foul Ball, location: 2F
1-1: Grounds into double play, 4-6-3 (Groundball, 4M, EV 91.2 MPH)
Bottom of the 1st over - 0 runs, 1 hit, 0 errors, 0 left on base; Birmingham 0 - Erie 0
TOP OF THE 2ND
Birmingham Barons batting - Pitching for Erie SeaWolves : LHP Travis Sergo
Batting: LHB Dustin Taylor 0-0: Called Strike
0-1: Ball
1-1: Ball
2-1: Swinging Strike
2-2: Ball
3-2: Fly out, F8 (Flyball, 8RXD, EV 101.2 MPH)
Batting: RHB Mike Warzecha 0-0: Fly out, F7 (Line Drive, 7D, EV 92.5 MPH)
Batting: LHB John Thurman 0-0: Ball
1-0: Foul Ball, location: 2F
1-1: Fly out, F9 (Flyball, 89M, EV 88.1 MPH)
Top of the 2nd over - 0 runs, 0 hits, 0 errors, 0 left on base; Birmingham 0 - Erie 0
BOTTOM OF THE 2ND
Erie SeaWolves batting - Pitching for Birmingham Barons : LHP Justin Miller
Batting: RHB Joel Miller 0-0: Called Strike
0-1: Ball
1-1: SOLO HOME RUN (Flyball, 89XD, EV 104.4 MPH), Distance : 442 ft
Batting: RHB Dan Becvar 0-0: Foul Ball, location: 2F
0-1: Called Strike
0-2: SINGLE (Line Drive, 5D, EV 101.9 MPH)
Batting: SHB Sean Foley 0-0: Foul Ball, location: 2F
0-1: Ball
1-1: Ball
2-1: SINGLE (Groundball, 6MD, EV 103.1 MPH)
Dan Becvar to second
Batting: RHB Victor Reyes 0-0: Swinging Strike
0-1: SINGLE (Groundball, 5L, EV 103.8 MPH)
Dan Becvar to third
Sean Foley to second
Runner from 3rd tries for Home, SAFE, throw by LF to home
Batting: LHB Oscar Gonzalez 0-0: Called Strike
0-1: SINGLE (Groundball, 4MD, EV 96.2 MPH) (infield hit)
Sean Foley to third
Victor Reyes to second
Batting: SHB Jared Boyce 0-0: Foul Ball, location: 2F
0-1: Ball
1-1: GRAND SLAM HOME RUN (Flyball, 7D, EV 96.2 MPH), Distance : 378 ft
Batting: RHB Tanner Purchase 0-0: Swinging Strike
0-1: Foul Ball, location: 2F
0-2: Fly out, F9 (Flyball, 9, EV 97.5 MPH)
Batting: RHB Aaron Cusick 0-0: Ball
1-0: Ball
2-0: Called Strike
2-1: SINGLE (Groundball, 15S, EV 66.9 MPH) (infield hit)
Pitching: RHP Manny Thompson
Batting: SHB Adam Weber 0-0: Fielders Choice at 2nd, 6-4 (Groundball, 6, EV 89.4 MPH)
Batting: RHB Joel Miller 0-0: Ground out 5-3 (Groundball, 5, EV 101.2 MPH)
Bottom of the 2nd over - 6 runs, 7 hits, 0 errors, 1 left on base; Birmingham 0 - Erie 6
TOP OF THE 3RD
Birmingham Barons batting - Pitching for Erie SeaWolves : LHP Travis Sergo
Batting: RHB Jeff Cox 0-0: Ball
1-0: Swinging Strike
1-1: Foul Ball, location: 2F
1-2: Ball
2-2: Strikes out swinging
Batting: LHB Alberto Carrasco 0-0: Swinging Strike
0-1: Ball
1-1: Foul Ball, location: 2F
1-2: Fly out, F5 (Flyball, 56D, EV 90.6 MPH)
Batting: RHB Hector Padilla 0-0: DOUBLE (Flyball, 89D, EV 105.6 MPH)
Batting: RHB Micah Brown 0-0: Ball
1-0: Ball
2-0: Ball
3-0: Called Strike
3-1: Base on Balls
Batting: LHB Angel Tellez 0-0: Called Strike
0-1: Foul Ball, location: 2F
0-2: Strikes out swinging
Top of the 3rd over - 0 runs, 1 hit, 0 errors, 2 left on base; Birmingham 0 - Erie 6
BOTTOM OF THE 3RD
Erie SeaWolves batting - Pitching for Birmingham Barons : RHP Manny Thompson
Batting: RHB Dan Becvar 0-0: Ball
1-0: Ball
2-0: SINGLE (Groundball, 34D, EV 108.8 MPH)
Batting: SHB Sean Foley 0-0: Called Strike
0-1: Called Strike
Dan Becvar steals 2nd base
0-2: SINGLE (Line Drive, 6D, EV 95.0 MPH)
Dan Becvar to third
Batting: RHB Victor Reyes 0-0: Foul Ball, location: 2F
0-1: Ball
1-1: Called Strike
Sean Foley steals 2nd base (no throw)
1-2: Ball
2-2: Foul Ball, location: 2F
2-2: Strikes out swinging
Batting: LHB Oscar Gonzalez 0-0: Called Strike
0-1: Foul Ball, location: 2F
0-2: Strikes out swinging
Batting: SHB Jared Boyce 0-0: Called Strike
0-1: Ball
1-1: Ball
2-1: Called Strike
2-2: Ball
3-2: Reached on error, E3 (Groundball, 13, EV 86.2 MPH)
Dan Becvar scores
Sean Foley to third
Batting: RHB Tanner Purchase 0-0: Called Strike
0-1: Foul Ball, location: 2F
0-2: Strikes out swinging
Bottom of the 3rd over - 1 run, 2 hits, 1 error, 2 left on base; Birmingham 0 - Erie 7
TOP OF THE 4TH
Birmingham Barons batting - Pitching for Erie SeaWolves : LHP Travis Sergo
Batting: RHB Paul Lloyd 0-0: SOLO HOME RUN (Flyball, 8LXD, EV 110.0 MPH), Distance : 453 ft
Batting: LHB Dustin Taylor 0-0: Called Strike
0-1: Called Strike
0-2: Ball
1-2: Ball
2-2: Foul Ball, location: 2F
2-2: Foul Ball, location: 2F
2-2: Ball
3-2: Base on Balls
Batting: RHB Mike Warzecha 0-0: Foul Ball, location: 2F
0-1: Ball
1-1: Ball
2-1: SINGLE (Groundball, 4MD, EV 98.8 MPH)
Dustin Taylor to second
Batting: LHB John Thurman 0-0: Ball
1-0: Ball
2-0: Foul Ball, location: 2F
2-1: Called Strike
2-2: Foul Ball, location: 2F
2-2: Grounds into double play, 6-4-3 (Groundball, 6M, EV 108.8 MPH)
Dustin Taylor to third
Batting: RHB Jeff Cox 0-0: Ball
1-0: Called Strike
1-1: Swinging Strike
1-2: Reached via error on a dropped throw from 1B, E1 (Groundball, 34D, EV 104.4 MPH)
Dustin Taylor scores
Batting: LHB Alberto Carrasco 0-0: Swinging Strike
0-1: Swinging Strike
0-2: Strikes out swinging
Top of the 4th over - 2 runs, 2 hits, 1 error, 1 left on base; Birmingham 2 - Erie 7
BOTTOM OF THE 4TH
Erie SeaWolves batting - Pitching for Birmingham Barons : RHP Manny Thompson
Batting: RHB Aaron Cusick 0-0: Swinging Strike
0-1: Ball
1-1: Ball
2-1: Swinging Strike
2-2: Ball
3-2: Ground out U3 (Groundball, 3, EV 80.6 MPH)
Batting: SHB Adam Weber 0-0: Called Strike
0-1: Ground out 1-3 (Groundball, 34S, EV 69.4 MPH)
Batting: RHB Joel Miller 0-0: Ball
1-0: Ball
2-0: Called Strike
2-1: Swinging Strike
2-2: Ground out 4-3 (Groundball, 4, EV 86.2 MPH)
Bottom of the 4th over - 0 runs, 0 hits, 0 errors, 0 left on base; Birmingham 2 - Erie 7
TOP OF THE 5TH
Birmingham Barons batting - Pitching for Erie SeaWolves : LHP Travis Sergo
Batting: RHB Hector Padilla 0-0: Fly out, F9 (Flyball, 9S, EV 93.8 MPH)
Batting: RHB Micah Brown 0-0: Called Strike
0-1: Ball
1-1: Swinging Strike
1-2: Fly out, F7 (Flyball, 78M, EV 79.4 MPH)
Batting: LHB Angel Tellez 0-0: Ball
1-0: Fly out, F9 (Flyball, 89M, EV 96.9 MPH)
Top of the 5th over - 0 runs, 0 hits, 0 errors, 0 left on base; Birmingham 2 - Erie 7
BOTTOM OF THE 5TH
Erie SeaWolves batting - Pitching for Birmingham Barons : RHP Manny Thompson
Batting: RHB Dan Becvar 0-0: Ball
1-0: Swinging Strike
1-1: Called Strike
1-2: Foul Ball, location: 2F
1-2: Ball
2-2: Ball
3-2: Strikes out swinging
Batting: SHB Sean Foley 0-0: SOLO HOME RUN (Flyball, 89XD, EV 106.2 MPH), Distance : 429 ft
Batting: RHB Victor Reyes 0-0: Called Strike
0-1: Called Strike
0-2: Ball
1-2: Strikes out swinging
Batting: LHB Oscar Gonzalez 0-0: Foul Ball, location: 2F
0-1: Foul Ball, location: 2F
0-2: Ball
1-2: Ball
2-2: Foul Ball, location: 2F
2-2: Ground out U3 (Groundball, 34, EV 101.9 MPH)
Bottom of the 5th over - 1 run, 1 hit, 0 errors, 0 left on base; Birmingham 2 - Erie 8
TOP OF THE 6TH
Birmingham Barons batting - Pitching for Erie SeaWolves : LHP Travis Sergo
Batting: RHB Paul Lloyd 0-0: Ball
1-0: Ball
2-0: Called Strike
2-1: Ball
3-1: Foul Ball, location: 2F
3-2: Base on Balls
Batting: LHB Dustin Taylor 0-0: Ball
1-0: Foul Ball, location: 2F
1-1: Foul Ball, location: 2F
1-2: SINGLE (Line Drive, 4MD, EV 96.2 MPH)
Paul Lloyd to second
Batting: RHB Mike Warzecha 0-0: Called Strike
0-1: Ball
1-1: Fly out, F7 (Line Drive, 7, EV 86.9 MPH)
Batting: LHB John Thurman 0-0: Called Strike
0-1: Called Strike
0-2: Fielders Choice at 2nd, 6-4 (Groundball, 6, EV 86.9 MPH)
Paul Lloyd to third
Batting: RHB Jeff Cox 0-0: Ball
1-0: Called Strike
1-1: Ball
2-1: Ball
3-1: Ground out 6-3 (Groundball, 6MS, EV 80.0 MPH)
Top of the 6th over - 0 runs, 1 hit, 0 errors, 2 left on base; Birmingham 2 - Erie 8
BOTTOM OF THE 6TH
Erie SeaWolves batting - Pitching for Birmingham Barons : RHP Manny Thompson
Batting: SHB Jared Boyce 0-0: Called Strike
0-1: Fly out, F8 (Flyball, 8RM, EV 91.9 MPH)
Batting: RHB Tanner Purchase 0-0: Ball
1-0: Foul Ball, location: 2F
1-1: Foul Ball, location: 2F
1-2: Strikes out swinging
Batting: RHB Aaron Cusick 0-0: Called Strike
0-1: Ball
1-1: Swinging Strike
1-2: Strikes out swinging
Bottom of the 6th over - 0 runs, 0 hits, 0 errors, 0 left on base; Birmingham 2 - Erie 8
TOP OF THE 7TH
Birmingham Barons batting - Pitching for Erie SeaWolves : LHP Travis Sergo
Batting: LHB Alberto Carrasco 0-0: Ball
1-0: Reached on error, E4 (Groundball, 13, EV 86.9 MPH)
Batting: RHB Hector Padilla 0-0: Foul Ball, location: 2F
0-1: Ball
1-1: Called Strike
1-2: Ball
2-2: Ball
3-2: Strikes out swinging
Batting: RHB Micah Brown 0-0: Ball
Alberto Carrasco steals 2nd base
1-0: Foul Ball, location: 2F
1-1: Ball
2-1: Foul Ball, location: 2F
2-2: Foul Ball, location: 2F
2-2: Foul Ball, location: 2F
2-2: Ball
3-2: Fly out, F8 (Flyball, 89M, EV 90.6 MPH)
Pitching: RHP Dave Frazier
Batting: LHB Angel Tellez 0-0: Called Strike
0-1: SINGLE (Line Drive, 9LM, EV 98.1 MPH)
Alberto Carrasco to third
Runner from 3rd tries for Home, SAFE, throw by RF to home
Batting: RHB Paul Lloyd 0-0: Ball
1-0: Ball
2-0: Ball
3-0: Base on Balls
Angel Tellez to second
Batting: LHB Dustin Taylor 0-0: Called Strike
0-1: Fly out, F7 (Flyball, 78M, EV 96.2 MPH)
Top of the 7th over - 1 run, 1 hit, 1 error, 2 left on base; Birmingham 3 - Erie 8
BOTTOM OF THE 7TH
Erie SeaWolves batting - Pitching for Birmingham Barons : RHP Manny Thompson
Batting: SHB Adam Weber 0-0: Ball
1-0: Called Strike
1-1: Foul Ball, location: 2F
1-2: Ball
2-2: Foul Ball, location: 2F
2-2: SINGLE (Groundball, 3S, EV 68.8 MPH) (infield hit)
Pitching: RHP Andino Calzaghe
Batting: RHB Joel Miller 0-0: SINGLE (Groundball, 4MD, EV 111.9 MPH)
Adam Weber to second
Runner from 2nd tries for 3rd, SAFE, throw by CF made to third
Batting: RHB Dan Becvar 0-0: Ball
1-0: Foul Ball, location: 2F
1-1: Called Strike
1-2: Foul Ball, location: 2F
1-2: Foul Ball, location: 2F
1-2: Strikes out swinging
Batting: SHB Sean Foley 0-0: Ball
1-0: Grounds into double play, 5-4-3 (Groundball, 56, EV 78.8 MPH)
Bottom of the 7th over - 0 runs, 2 hits, 0 errors, 1 left on base; Birmingham 3 - Erie 8
TOP OF THE 8TH
Birmingham Barons batting - Pitching for Erie SeaWolves : RHP Dave Frazier
Batting: RHB Mike Warzecha 0-0: Foul Ball, location: 2F
0-1: Ball
1-1: Ball
2-1: Swinging Strike
2-2: Fly out, F7 (Flyball, 78S, EV 77.5 MPH)
Batting: LHB John Thurman 0-0: Ball
1-0: Swinging Strike
1-1: Ball
2-1: Called Strike
2-2: Fly out, F9 (Flyball, 9S, EV 87.5 MPH)
Batting: RHB Jeff Cox 0-0: Ball
1-0: Ground out 1-3 (Groundball, P, EV 68.1 MPH)
Top of the 8th over - 0 runs, 0 hits, 0 errors, 0 left on base; Birmingham 3 - Erie 8
BOTTOM OF THE 8TH
Erie SeaWolves batting - Pitching for Birmingham Barons : RHP Andino Calzaghe
Batting: RHB Victor Reyes 0-0: Called Strike
0-1: Ball
1-1: Foul Ball, location: 2F
1-2: SINGLE (Line Drive, 89S, EV 104.4 MPH)
Batting: LHB Oscar Gonzalez 0-0: Called Strike
0-1: Ball
1-1: Ball
2-1: Ball
3-1: Foul Ball, location: 2F
3-2: Foul Ball, location: 2F
3-2: Base on Balls
Victor Reyes to second
Batting: SHB Jared Boyce 0-0: Swinging Strike
0-1: Ball
1-1: Ball
2-1: Grounds out, U3 (Groundball, 3L, EV 103.8 MPH)
Victor Reyes to third
Batting: RHB Tanner Purchase 0-0: Foul Ball, location: 2F
0-1: Ground out 3-1 (Groundball, 34, EV 101.2 MPH)
Victor Reyes scores
Oscar Gonzalez to third
Batting: RHB Aaron Cusick 0-0: Swinging Strike
0-1: Ground out 4-3 (Groundball, 34, EV 103.8 MPH)
Bottom of the 8th over - 1 run, 1 hit, 0 errors, 1 left on base; Birmingham 3 - Erie 9
TOP OF THE 9TH
Birmingham Barons batting - Pitching for Erie SeaWolves : RHP Dave Frazier
Batting: LHB Alberto Carrasco 0-0: DOUBLE (Line Drive, 78XD, EV 105.0 MPH)
Batting: RHB Hector Padilla 0-0: Ball
1-0: Called Strike
1-1: Called Strike
1-2: SINGLE (Groundball, 6MD, EV 95.0 MPH)
Alberto Carrasco to third
Batting: RHB Micah Brown 0-0: Foul Ball, location: 2F
0-1: Swinging Strike
0-2: Ball
1-2: Fly out, F9 (Flyball, 9, EV 88.8 MPH)
Batting: LHB Angel Tellez 0-0: Foul Ball, location: 2F
0-1: Ball
1-1: Ball
2-1: Ball
3-1: Base on Balls
Hector Padilla to second
Batting: RHB Paul Lloyd 0-0: Ball
1-0: Ball
2-0: Grounds into double play, 5-4-3 (Groundball, 56S, EV 78.8 MPH)
Top of the 9th over - 0 runs, 2 hits, 0 errors, 2 left on base; Birmingham 3 - Erie 9
Wednesday, June 22nd , 2022 - OOTP Baseball 23.4 Build 64